St.Louis Blues vs Nashville Predators
Created - Thursday, April 13, 2023 at 07:19
Goals
|
| St.Louis Blues |
2 |
1 |
0 |
0 |
1 |
4 |
| Nashville Predators |
0 |
0 |
3 |
0 |
0 |
3 |
|
Shots
|
| St.Louis Blues |
9 |
9 |
8 |
7 |
7 |
33 |
| Nashville Predators |
8 |
19 |
15 |
1 |
7 |
43 |
|
1st period
1. St.Louis Blues , Robert Thomas 6 (Elias Pettersson 20, Alex Tuch 10) at 8:59
2. St.Louis Blues , Robert Thomas 7 (Elias Pettersson 21) at 17:38
Penalties :
Pat Maroon (NSH) for Slashing (Minor) at 0:33, Jake Guentzel (STL) for Holding (Minor) at 17:57
2nd period
3. St.Louis Blues , Elias Pettersson 13 (Robert Thomas 15, Alex Tuch 11) at 5:06
Penalties :
Jake Guentzel (STL) for Diving (Minor) at 12:40
3rd period
4. Nashville Predators , Janne Kuokkanen 3 (Thomas Novak 4, Nick Bjugstad 5) at 6:03
5. Nashville Predators , Pat Maroon 9 (Cale Makar 26, Zemgus Girgensons 6) at 8:30
6. Nashville Predators , Cale Makar 10 (Pat Maroon 6, Artem Zub 3) at 18:48 (PP)
Penalties :
Justin Braun (NSH) for Hooking (Minor) at 0:09, Jake Guentzel (STL) for Hooking (Minor) at 15:46, Evander Kane (STL) for Holding (Minor) at 18:11
Overtime #1
No Goal
Penalties :
No Penalty
Shootout
St.Louis Blues, Alex DeBrincat - Stopped by Adin Hill
Nashville Predators, Brandon Saad - Stopped by Frederik Andersen
St.Louis Blues, Joe Pavelski - Shot Misses the Net
Nashville Predators, Corey Perry - Stopped by Frederik Andersen
St.Louis Blues, Alex Tuch - Stopped by Adin Hill
Nashville Predators, Sam Gagner - Shot Misses the Net
St.Louis Blues, Elias Pettersson - Stopped by Adin Hill
Nashville Predators, Pat Maroon - Stopped by Frederik Andersen
St.Louis Blues, Robert Thomas - Shot Misses the Net
Nashville Predators, Zemgus Girgensons - Stopped by Frederik Andersen
St.Louis Blues, Tage Thompson - Shot Misses the Net
Nashville Predators, Riley Nash - Shot Misses the Net
St.Louis Blues, Frederick Gaudreau - Goal!
Nashville Predators, Jake Muzzin - Stopped by Frederik Andersen
Penalties :
No Penalty
Goalie Stats
Frederik Andersen (STL), 40 saves from 43 shots - (0.930), W, 13-4-1, 65:00 minutes
Adin Hill (NSH), 30 saves from 33 shots - (0.909), OTL, 3-2-1, 64:52 minutes
Players Stats for St.Louis Blues
Player Name G A P +/- PIM S H SB GA TA FO MP PP MP PK MP
------------------------------------------------------------------------------------
Adam Pelech 0 0 0 -1 0 1 1 1 1 2 0/0 17:23 0:00 4:30
Alex DeBrincat 0 0 0 -1 0 4 1 2 0 0 1/3 15:10 1:51 0:00
Alex Pietrangelo 0 0 0 -1 0 3 1 2 1 1 0/0 24:41 1:21 0:00
Alex Tuch 0 2 2 2 0 1 1 0 0 1 0/1 21:38 2:07 1:08
Colton Parayko 0 0 0 -1 0 1 1 1 0 0 0/0 25:45 0:00 2:04
Danny DeKeyser 0 0 0 -1 0 0 1 1 0 1 0/0 17:23 0:00 4:30
Elias Pettersson 1 2 3 2 0 4 3 0 1 0 2/5 21:45 2:07 1:08
Evander Kane 0 0 0 0 2 4 1 1 0 0 0/0 15:36 1:51 0:00
Frederick Gaudreau 0 0 0 0 0 1 1 0 0 0 9/9 12:33 0:00 3:58
Jack Eichel 0 0 0 0 0 1 3 0 2 1 2/5 12:18 0:00 0:00
Jake Guentzel 0 0 0 -1 6 2 2 0 2 0 0/0 16:44 2:37 0:00
Jimmy Vesey 0 0 0 0 0 1 0 0 0 1 0/2 12:33 0:00 3:58
Joe Pavelski 0 0 0 -1 0 0 1 3 1 0 8/13 15:18 2:07 0:00
Jonas Brodin 0 0 0 3 0 2 0 0 0 0 0/0 19:54 0:00 2:04
Morgan Rielly 0 0 0 3 0 1 2 3 0 0 0/0 20:23 2:37 0:00
Ondrej Kase 0 0 0 0 0 1 1 1 0 1 0/0 8:55 0:00 1:28
Robert Thomas 2 1 3 2 0 4 0 0 1 1 16/27 20:09 1:51 1:28
Tage Thompson 0 0 0 0 0 2 0 0 0 0 0/1 15:14 1:21 0:00
Players Stats for Nashville Predators
Player Name G A P +/- PIM S H SB GA TA FO MP PP MP PK MP
------------------------------------------------------------------------------------
Artem Zub 0 1 1 -2 0 1 2 3 0 0 0/0 22:32 2:51 1:52
Brandon Saad 0 0 0 -1 0 3 1 1 1 0 5/6 19:55 3:47 1:57
Cale Makar 1 1 2 0 0 10 1 1 0 1 0/0 30:17 3:43 2:16
Corey Perry 0 0 0 -1 0 4 0 1 0 0 0/0 19:33 3:47 1:59
Jake Muzzin 0 0 0 -2 0 0 1 4 1 1 0/0 23:01 2:51 2:05
Janne Kuokkanen 1 0 1 0 0 1 4 0 0 0 1/1 12:48 0:00 0:00
Justin Braun 0 0 0 0 2 2 4 0 0 2 0/0 29:33 3:43 1:05
Loui Eriksson 0 0 0 0 0 2 1 0 0 0 0/2 16:38 2:47 0:26
Nate Schmidt 0 0 0 1 0 1 0 1 0 3 0/0 12:17 0:00 0:12
Nick Bjugstad 0 1 1 0 0 1 4 0 0 1 1/3 14:24 0:00 1:10
Nolan Patrick 0 0 0 0 0 1 1 0 2 0 4/8 13:09 0:00 0:28
Oliver Kylington 0 0 0 1 0 1 1 3 0 0 0/0 12:47 0:00 0:26
Pat Maroon 1 1 2 0 2 3 3 3 0 0 0/0 18:04 2:47 0:46
Riley Nash 0 0 0 0 0 1 0 1 0 0 0/0 12:05 0:00 0:00
Ryan Carpenter 0 0 0 0 0 4 2 0 2 0 0/0 12:05 0:00 0:00
Sam Gagner 0 0 0 -1 0 4 0 0 0 0 6/21 18:28 3:47 1:10
Thomas Novak 0 1 1 0 0 3 0 0 1 1 6/14 13:37 0:00 0:00
Zemgus Girgensons 0 1 1 0 0 1 1 0 2 0 5/11 14:47 2:47 0:00
3 Stars
1 - Robert Thomas (STL)
2 - Elias Pettersson (STL)
3 - Alex Tuch (STL)
Power Play
St.Louis Blues - 0 on 2 Attempt(s) - 0.00%
Nashville Predators - 1 on 4 Attempt(s) - 25.00%
Penalty Kill
St.Louis Blues - 3 on 4 Attempt(s) - 75.00%
- Score 0 goal in Penalty Kill
Nashville Predators - 2 on 2 Attempt(s) - 100.00%
- Score 0 goal in Penalty Kill
Team Stat
St.Louis Blues - Hits : 20 - Faceoff Wins : 38 - Blocked Shots : 15 - Penalty Minutes : 8
Nashville Predators - Hits : 26 - Faceoff Wins : 28 - Blocked Shots : 18 - Penalty Minutes : 4
Official
Referees : Brad Meier and Dennis LaRue
Linesman : Tim Nowak and Steve Barton
Game Notes
No Game Note
Finance
Level 1 -- Attendance: 4706 (78.43%) -- Ticket Income $470,600
Level 2 -- Attendance: 3569 (71.38%) -- Ticket Income $214,140
Level 3 -- Attendance: 2418 (80.60%) -- Ticket Income $84,630
Level 4 -- Attendance: 3989 (79.78%) -- Ticket Income $99,725
Luxury Box -- Attendance: 704 (70.40%) -- Ticket Income $140,800
Game was played at the Bridgestone Arena.
Total Attendance: 15386 (76.93%)
Total Ticket Income: $1,009,895
Other Income: $353,463
Total Income: $1,363,358
St.Louis Blues
5 vs 5 Forward
Center Left Wing Right Wing Time % Phy DF OF
1 Robert Thomas Elias Pettersson Alex Tuch 40 0 2 3
2 Joe Pavelski Alex DeBrincat Jake Guentzel 30 0 2 3
3 Jack Eichel Evander Kane Tage Thompson 20 1 2 2
4 Frederick Gaudreau Jimmy Vesey Ondrej Kase 10 1 3 1
5 vs 5 Defense
Defense Defense Time % Phy DF OF
1 Alex Pietrangelo Colton Parayko 40 1 2 2
2 Morgan Rielly Jonas Brodin 30 1 2 2
3 Danny DeKeyser Adam Pelech 20 1 2 2
4 Alex Pietrangelo Colton Parayko 10 1 2 2
PowerPlay Forward
Center Left Wing Right Wing Time % Phy DF OF
1 Joe Pavelski Alex Tuch Elias Pettersson 60 1 0 4
2 Robert Thomas Alex DeBrincat Evander Kane 40 1 0 4
PowerPlay Defense
Defense Defense Time % Phy DF OF
1 Morgan Rielly Jake Guentzel 60 0 1 4
2 Tage Thompson Alex Pietrangelo 40 0 1 4
Penalty Kill 4 Players Forward
Center Wing Time % Phy DF OF
1 Frederick Gaudreau Jimmy Vesey 60 1 4 0
2 Robert Thomas Ondrej Kase 40 1 4 0
Penalty Kill 4 Players Defense
Defense Defense Time % Phy DF OF
1 Adam Pelech Danny DeKeyser 60 2 3 0
2 Jonas Brodin Colton Parayko 40 2 3 0
Penalty Kill - 3 Players Forward
Forward Time % Phy DF OF
1 Frederick Gaudreau 60 0 5 0
2 Robert Thomas 40 0 5 0
Penalty Kill - 3 Players Defense
Defense Defense Time % Phy DF OF
1 Adam Pelech Danny DeKeyser 60 1 4 0
2 Jonas Brodin Colton Parayko 40 1 4 0
4 vs 4 Forward
Center Wing Time % Phy DF OF
1 Elias Pettersson Alex Tuch 60 0 2 3
2 Robert Thomas Jake Guentzel 40 0 2 3
4 vs 4 Defense
Defense Defense Time % Phy DF OF
1 Alex Pietrangelo Colton Parayko 60 0 3 2
2 Morgan Rielly Jonas Brodin 40 0 3 2
Last Minutes Offensive
Center Left Wing Right Wing Defense Defense
Robert Thomas Elias Pettersson Jake Guentzel Alex Tuch Morgan Rielly
Last Minutes Defensive
Center Left Wing Right Wing Defense Defense
Frederick Gaudreau Jimmy Vesey Ondrej Kase Colton Parayko Alex Pietrangelo
Goaltenders
Starting : Frederik Andersen
Backup : Scott Wedgewood
Extra Forwards
Normal : Tage Thompson, Evander Kane, Frederick Gaudreau - PP : Alex DeBrincat, Jack Eichel - PK : Alex Tuch
Extra Defensemen
Normal : Morgan Rielly, Colton Parayko, Adam Pelech - PP : Jonas Brodin - PK : Colton Parayko, Alex Pietrangelo
Penalty Shots
Alex DeBrincat, Joe Pavelski, Alex Tuch, Elias Pettersson, Robert Thomas
Nashville Predators
5 vs 5 Forward
Center Left Wing Right Wing Time % Phy DF OF
1 Sam Gagner Brandon Saad Corey Perry 26 1 2 2
2 Zemgus Girgensons Pat Maroon Loui Eriksson 25 1 2 2
3 Thomas Novak Janne Kuokkanen Nick Bjugstad 25 1 2 2
4 Nolan Patrick Riley Nash Ryan Carpenter 24 1 2 2
5 vs 5 Defense
Defense Defense Time % Phy DF OF
1 Cale Makar Justin Braun 40 1 2 2
2 Artem Zub Jake Muzzin 30 1 2 2
3 Oliver Kylington Nate Schmidt 20 1 2 2
4 Cale Makar Justin Braun 10 1 2 2
PowerPlay Forward
Center Left Wing Right Wing Time % Phy DF OF
1 Sam Gagner Brandon Saad Corey Perry 60 1 2 2
2 Zemgus Girgensons Pat Maroon Loui Eriksson 40 1 2 2
PowerPlay Defense
Defense Defense Time % Phy DF OF
1 Cale Makar Justin Braun 60 1 2 2
2 Artem Zub Jake Muzzin 40 1 2 2
Penalty Kill 4 Players Forward
Center Wing Time % Phy DF OF
1 Brandon Saad Corey Perry 60 1 2 2
2 Sam Gagner Pat Maroon 40 1 2 2
Penalty Kill 4 Players Defense
Defense Defense Time % Phy DF OF
1 Cale Makar Justin Braun 60 1 2 2
2 Artem Zub Jake Muzzin 40 1 2 2
Penalty Kill - 3 Players Forward
Forward Time % Phy DF OF
1 Brandon Saad 60 1 2 2
2 Corey Perry 40 1 2 2
Penalty Kill - 3 Players Defense
Defense Defense Time % Phy DF OF
1 Cale Makar Justin Braun 60 1 2 2
2 Artem Zub Jake Muzzin 40 1 2 2
4 vs 4 Forward
Center Wing Time % Phy DF OF
1 Brandon Saad Corey Perry 60 1 2 2
2 Sam Gagner Pat Maroon 40 1 2 2
4 vs 4 Defense
Defense Defense Time % Phy DF OF
1 Cale Makar Justin Braun 60 1 2 2
2 Artem Zub Jake Muzzin 40 1 2 2
Last Minutes Offensive
Center Left Wing Right Wing Defense Defense
Sam Gagner Brandon Saad Corey Perry Cale Makar Justin Braun
Last Minutes Defensive
Center Left Wing Right Wing Defense Defense
Sam Gagner Brandon Saad Corey Perry Cale Makar Justin Braun
Goaltenders
Starting : Adin Hill
Backup : Alexandar Georgiev
Extra Forwards
Normal : Nolan Patrick, Thomas Novak, Nick Bjugstad - PP : Janne Kuokkanen, Thomas Novak - PK : Nick Bjugstad
Extra Defensemen
Normal : Oliver Kylington, Jake Muzzin, Artem Zub - PP : Oliver Kylington - PK : Jake Muzzin, Artem Zub
Penalty Shots
Brandon Saad, Corey Perry, Sam Gagner, Pat Maroon, Zemgus Girgensons
% Time on Ice - St.Louis Blues
Lines # - Real PCT - Wanted PCT - Time Play
Normal Forward
1 - 33% - 40% - 16:24
2 - 27% - 30% - 13:22
3 - 25% - 20% - 12:18
4 - 15% - 10% - 7:24
Normal Defense
1 - 40% - 40% - 19:37
2 - 33% - 30% - 16:19
3 - 23% - 20% - 11:20
4 - 4% - 10% - 2:12
PP Forward
1 - 53% - 60% - 2:07
2 - 47% - 40% - 1:51
PP Defense
1 - 66% - 60% - 2:37
2 - 34% - 40% - 1:21
PK Forward
1 - 78% - 60% - 5:06
2 - 22% - 40% - 1:28
PK Defense
1 - 69% - 60% - 4:30
2 - 31% - 40% - 2:04
PK3 Forward
1 - 0% - 60%
2 - 0% - 40%
PK3 Defense
1 - 0% - 60%
2 - 0% - 40%
44 Forward
1 - 92% - 60% - 4:37
2 - 8% - 40% - 0:23
44 Defense
1 - 67% - 60% - 3:21
2 - 33% - 40% - 1:39
Last Minute Offensive - 0:00
Last Minute Defensive - 0:00
Total
Forward - 65:00
Defense - 65:00
|
% Time on Ice - Nashville Predators
Lines # - Real PCT - Wanted PCT - Time Play
Normal Forward
1 - 25% - 26% - 12:35
2 - 24% - 25% - 12:00
3 - 26% - 25% - 12:48
4 - 24% - 24% - 12:05
Normal Defense
1 - 40% - 40% - 19:56
2 - 30% - 30% - 15:01
3 - 24% - 20% - 12:05
4 - 5% - 10% - 2:26
PP Forward
1 - 58% - 60% - 3:47
2 - 42% - 40% - 2:47
PP Defense
1 - 57% - 60% - 3:43
2 - 43% - 40% - 2:51
PK Forward
1 - 71% - 60% - 2:48
2 - 29% - 40% - 1:10
PK Defense
1 - 77% - 60% - 3:04
2 - 23% - 40% - 0:54
PK3 Forward
1 - 0% - 60%
2 - 0% - 40%
PK3 Defense
1 - 0% - 60%
2 - 0% - 40%
44 Forward
1 - 61% - 60% - 3:02
2 - 39% - 40% - 1:58
44 Defense
1 - 54% - 60% - 2:41
2 - 46% - 40% - 2:19
Last Minute Offensive - 0:00
Last Minute Defensive - 0:00
Total
Forward - 65:00
Defense - 65:00
|
Play-by-Play
1st period
0:01 of 1st period - Robert Thomas wins face-off versus Sam Gagner in neutral zone.
0:33 of 1st period - Minor Penalty to Pat Maroon for Slashing.
0:34 of 1st period - Joe Pavelski wins face-off versus Brandon Saad in Nashville Predators zone.
0:50 of 1st period - Nick Bjugstad is hit by Joe Pavelski and loses puck.
2:33 of 1st period - Penalty to Pat Maroon is over, Pat Maroon is back on ice.
5:33 of 1st period - Snap shot by Ondrej Kase.
5:33 of 1st period - Deflect By Jimmy Vesey.
5:33 of 1st period - Shot Blocked by Pat Maroon.
5:33 of 1st period - Puck is out of play.
5:34 of 1st period - Frederick Gaudreau wins face-off versus Thomas Novak in Nashville Predators zone.
5:37 of 1st period - Wrist shot by Frederick Gaudreau.
5:37 of 1st period - Shot Misses the Net.
6:01 of 1st period - Snap shot by Ryan Carpenter.
6:01 of 1st period - Stopped by Frederik Andersen with a rebound.
6:03 of 1st period - Snap shot by Ryan Carpenter.
6:03 of 1st period - Shot Blocked by Alex DeBrincat.
6:05 of 1st period - Wrist shot by Ryan Carpenter.
6:05 of 1st period - Shot Blocked by Alex Pietrangelo.
7:48 of 1st period - Snap shot by Jack Eichel.
7:48 of 1st period - Deflect By Evander Kane.
7:48 of 1st period - Stopped by Adin Hill with a rebound.
7:50 of 1st period - Wrist shot by Tage Thompson.
7:50 of 1st period - Shot Misses the Net.
7:52 of 1st period - Wrist shot by Jack Eichel.
7:52 of 1st period - Shot Blocked by Oliver Kylington.
7:54 of 1st period - Slapshot by Alex Pietrangelo.
7:54 of 1st period - Stopped by Adin Hill with a rebound.
7:56 of 1st period - Snap shot by Evander Kane.
7:56 of 1st period - Shot Blocked by Oliver Kylington.
7:58 of 1st period - Slapshot by Tage Thompson.
7:58 of 1st period - Stopped by Adin Hill with a rebound.
8:00 of 1st period - Snap shot by Evander Kane.
8:00 of 1st period - Shot Misses the Net.
8:02 of 1st period - Snap shot by Alex Pietrangelo.
8:02 of 1st period - Shot Misses the Net.
8:04 of 1st period - Snap shot by Evander Kane.
8:04 of 1st period - Shot Blocked by Riley Nash.
8:06 of 1st period - Snap shot by Evander Kane.
8:06 of 1st period - Stopped by Adin Hill with a rebound.
8:08 of 1st period - Wrist shot by Tage Thompson.
8:08 of 1st period - Stopped by Adin Hill with a rebound.
8:32 of 1st period - Evander Kane is hit by Oliver Kylington and loses puck.
8:41 of 1st period - Wrist shot by Evander Kane.
8:41 of 1st period - Stopped by Adin Hill without a rebound.
8:42 of 1st period - Robert Thomas wins face-off versus Loui Eriksson in Nashville Predators zone.
8:53 of 1st period - Wrist shot by Elias Pettersson.
8:53 of 1st period - Shot Blocked by Pat Maroon.
8:57 of 1st period - Snap shot by Robert Thomas.
8:57 of 1st period - Shot Blocked by Cale Makar.
8:59 of 1st period - Slapshot by Robert Thomas.
8:59 of 1st period - Goal by Robert Thomas - St.Louis Blues : 1 - Nashville Predators : 0.
9:00 of 1st period - Thomas Novak wins face-off versus Robert Thomas in neutral zone.
9:25 of 1st period - Zemgus Girgensons is hit by Jake Guentzel.
9:34 of 1st period - Off-side.
9:35 of 1st period - Brandon Saad wins face-off versus Robert Thomas in neutral zone.
9:38 of 1st period - Slapshot by Cale Makar.
9:38 of 1st period - Deflect By Brandon Saad.
9:38 of 1st period - Shot Misses the Net.
9:38 of 1st period - Puck is out of play.
9:39 of 1st period - Robert Thomas wins face-off versus Sam Gagner in St.Louis Blues zone.
9:58 of 1st period - Brandon Saad is hit by Elias Pettersson and loses puck.
10:25 of 1st period - Snap shot by Elias Pettersson.
10:25 of 1st period - Stopped by Adin Hill without a rebound.
10:26 of 1st period - Joe Pavelski wins face-off versus Zemgus Girgensons in Nashville Predators zone.
11:48 of 1st period - Snap shot by Cale Makar.
11:48 of 1st period - Deflect By Zemgus Girgensons.
11:48 of 1st period - Stopped by Frederik Andersen with a rebound.
12:18 of 1st period - Off-side.
12:19 of 1st period - Nolan Patrick wins face-off versus Jack Eichel in neutral zone.
12:44 of 1st period - Robert Thomas is hit by Zemgus Girgensons and loses puck.
12:51 of 1st period - Snap shot by Pat Maroon.
12:51 of 1st period - Shot Misses the Net.
12:53 of 1st period - Snap shot by Pat Maroon.
12:53 of 1st period - Stopped by Frederik Andersen with a rebound.
13:08 of 1st period - Sam Gagner is hit by Alex Tuch and loses puck.
14:49 of 1st period - Jonas Brodin is hit by Justin Braun and loses puck.
14:57 of 1st period - Off-side.
14:58 of 1st period - Sam Gagner wins face-off versus Alex Tuch in neutral zone.
16:31 of 1st period - Justin Braun is hit by Alex Pietrangelo and loses puck.
16:44 of 1st period - Jack Eichel is hit by Nick Bjugstad and loses puck.
16:55 of 1st period - Slapshot by Cale Makar.
16:55 of 1st period - Stopped by Frederik Andersen with a rebound.
17:07 of 1st period - Snap shot by Loui Eriksson.
17:07 of 1st period - Stopped by Frederik Andersen without a rebound.
17:08 of 1st period - Zemgus Girgensons wins face-off versus Robert Thomas in St.Louis Blues zone.
17:15 of 1st period - Snap shot by Pat Maroon.
17:15 of 1st period - Stopped by Frederik Andersen without a rebound.
17:16 of 1st period - Robert Thomas wins face-off versus Sam Gagner in St.Louis Blues zone.
17:34 of 1st period - Wrist shot by Elias Pettersson.
17:34 of 1st period - Shot Misses the Net.
17:36 of 1st period - Wrist shot by Elias Pettersson.
17:36 of 1st period - Shot Misses the Net.
17:38 of 1st period - Slapshot by Robert Thomas.
17:38 of 1st period - Goal by Robert Thomas - St.Louis Blues : 2 - Nashville Predators : 0.
17:39 of 1st period - Thomas Novak wins face-off versus Joe Pavelski in neutral zone.
17:43 of 1st period - Off-side.
17:44 of 1st period - Joe Pavelski wins face-off versus Nick Bjugstad in neutral zone.
17:47 of 1st period - Justin Braun is hit by Jake Guentzel and loses puck.
17:57 of 1st period - Minor Penalty to Jake Guentzel for Holding.
17:58 of 1st period - Frederick Gaudreau wins face-off versus Sam Gagner in St.Louis Blues zone.
18:10 of 1st period - Snap shot by Brandon Saad.
18:10 of 1st period - Stopped by Frederik Andersen with a rebound.
18:12 of 1st period - Slapshot by Cale Makar.
18:12 of 1st period - Shot Hit the Post.
18:14 of 1st period - Slapshot by Brandon Saad.
18:14 of 1st period - Stopped by Frederik Andersen with a rebound.
18:30 of 1st period - Adam Pelech is hit by Pat Maroon and loses puck.
19:08 of 1st period - Jake Muzzin is hit by Colton Parayko and loses puck.
19:33 of 1st period - Cale Makar is hit by Ondrej Kase.
19:57 of 1st period - Penalty to Jake Guentzel is over, Jake Guentzel is back on ice.
Goals for this period are 2 for St.Louis Blues vs 0 for Nashville Predators.
Shots for this period are 9 for St.Louis Blues vs 8 for Nashville Predators.
2nd period
0:01 of 2nd period - Zemgus Girgensons wins face-off versus Robert Thomas in neutral zone.
0:04 of 2nd period - Elias Pettersson is hit by Loui Eriksson and loses puck.
0:29 of 2nd period - Off-side.
0:30 of 2nd period - Joe Pavelski wins face-off versus Sam Gagner in neutral zone.
0:40 of 2nd period - Backhand shot by Brandon Saad.
0:40 of 2nd period - Shot Blocked by Joe Pavelski.
0:42 of 2nd period - Slapshot by Artem Zub.
0:42 of 2nd period - Stopped by Frederik Andersen with a rebound.
0:44 of 2nd period - Snap shot by Corey Perry.
0:44 of 2nd period - Stopped by Frederik Andersen without a rebound.
0:45 of 2nd period - Robert Thomas wins face-off versus Thomas Novak in St.Louis Blues zone.
1:11 of 2nd period - Jake Guentzel is hit by Justin Braun and loses puck.
1:22 of 2nd period - Wrist shot by Jake Guentzel.
1:22 of 2nd period - Shot Misses the Net.
1:42 of 2nd period - Snap shot by Pat Maroon.
1:42 of 2nd period - Shot Blocked by Morgan Rielly.
2:23 of 2nd period - Wrist shot by Robert Thomas.
2:23 of 2nd period - Shot Misses the Net.
3:48 of 2nd period - Snap shot by Jack Eichel.
3:48 of 2nd period - Shot Blocked by Oliver Kylington.
3:50 of 2nd period - Slapshot by Adam Pelech.
3:50 of 2nd period - Stopped by Adin Hill without a rebound.
3:51 of 2nd period - Joe Pavelski wins face-off versus Thomas Novak in Nashville Predators zone.
4:14 of 2nd period - Icing by Cale Makar.
4:15 of 2nd period - Thomas Novak wins face-off versus Robert Thomas in Nashville Predators zone.
4:44 of 2nd period - Wrist shot by Corey Perry.
4:44 of 2nd period - Stopped by Frederik Andersen with a rebound.
4:46 of 2nd period - Slapshot by Justin Braun.
4:46 of 2nd period - Shot Blocked by Joe Pavelski.
4:48 of 2nd period - Wrist shot by Brandon Saad.
4:48 of 2nd period - Shot Blocked by Alex DeBrincat.
4:50 of 2nd period - Snap shot by Corey Perry.
4:50 of 2nd period - Shot Blocked by Colton Parayko.
4:52 of 2nd period - Wrist shot by Sam Gagner.
4:52 of 2nd period - Deflect By Jake Guentzel.
4:52 of 2nd period - Shot Misses the Net.
4:52 of 2nd period - Puck is out of play.
4:53 of 2nd period - Thomas Novak wins face-off versus Robert Thomas in St.Louis Blues zone.
4:54 of 2nd period - Slapshot by Janne Kuokkanen.
4:54 of 2nd period - Shot Misses the Net.
5:06 of 2nd period - Snap shot by Elias Pettersson.
5:06 of 2nd period - Goal by Elias Pettersson - St.Louis Blues : 3 - Nashville Predators : 0.
5:07 of 2nd period - Sam Gagner wins face-off versus Robert Thomas in neutral zone.
6:21 of 2nd period - Snap shot by Nolan Patrick.
6:21 of 2nd period - Shot Misses the Net.
6:39 of 2nd period - Slapshot by Alex DeBrincat.
6:39 of 2nd period - Stopped by Adin Hill with a rebound.
6:47 of 2nd period - Slapshot by Cale Makar.
6:47 of 2nd period - Stopped by Frederik Andersen without a rebound.
6:48 of 2nd period - Nick Bjugstad wins face-off versus Robert Thomas in St.Louis Blues zone.
7:40 of 2nd period - Artem Zub is hit by Evander Kane.
7:51 of 2nd period - Icing by Riley Nash.
7:52 of 2nd period - Frederick Gaudreau wins face-off versus Nolan Patrick in Nashville Predators zone.
8:01 of 2nd period - Alex Tuch is hit by Nolan Patrick and loses puck.
8:22 of 2nd period - Snap shot by Ryan Carpenter.
8:22 of 2nd period - Stopped by Frederik Andersen without a rebound.
8:23 of 2nd period - Janne Kuokkanen wins face-off versus Joe Pavelski in St.Louis Blues zone.
8:30 of 2nd period - Slapshot by Thomas Novak.
8:30 of 2nd period - Stopped by Frederik Andersen with a rebound.
8:32 of 2nd period - Wrist shot by Justin Braun.
8:32 of 2nd period - Deflect By Jake Guentzel.
8:32 of 2nd period - Stopped by Frederik Andersen with a rebound.
8:34 of 2nd period - Snap shot by Cale Makar.
8:34 of 2nd period - Stopped by Frederik Andersen with a rebound.
8:36 of 2nd period - Wrist shot by Cale Makar.
8:36 of 2nd period - Shot Blocked by Joe Pavelski.
8:38 of 2nd period - Snap shot by Cale Makar.
8:38 of 2nd period - Shot Blocked by Morgan Rielly.
9:13 of 2nd period - Wrist shot by Alex Tuch.
9:13 of 2nd period - Shot Misses the Net.
9:15 of 2nd period - Wrist shot by Alex Tuch.
9:15 of 2nd period - Shot Misses the Net.
9:17 of 2nd period - Snap shot by Robert Thomas.
9:17 of 2nd period - Stopped by Adin Hill without a rebound.
9:18 of 2nd period - Robert Thomas wins face-off versus Thomas Novak in Nashville Predators zone.
9:19 of 2nd period - Backhand shot by Alex Tuch.
9:19 of 2nd period - Shot Misses the Net.
9:25 of 2nd period - Snap shot by Elias Pettersson.
9:25 of 2nd period - Shot Misses the Net.
9:31 of 2nd period - Snap shot by Robert Thomas.
9:31 of 2nd period - Stopped by Adin Hill with a rebound.
10:33 of 2nd period - Snap shot by Riley Nash.
10:33 of 2nd period - Stopped by Frederik Andersen with a rebound.
11:15 of 2nd period - Snap shot by Alex DeBrincat.
11:15 of 2nd period - Stopped by Adin Hill with a rebound.
11:21 of 2nd period - Brandon Saad is hit by Morgan Rielly and loses puck.
11:40 of 2nd period - Slapshot by Morgan Rielly.
11:40 of 2nd period - Deflect By Pat Maroon.
11:40 of 2nd period - Stopped by Adin Hill with a rebound.
12:18 of 2nd period - Snap shot by Brandon Saad.
12:18 of 2nd period - Stopped by Frederik Andersen with a rebound.
12:22 of 2nd period - Wrist shot by Cale Makar.
12:22 of 2nd period - Shot Blocked by Morgan Rielly.
12:24 of 2nd period - Slapshot by Artem Zub.
12:24 of 2nd period - Shot Misses the Net.
12:33 of 2nd period - Off-side.
12:34 of 2nd period - Thomas Novak wins face-off versus Alex DeBrincat in neutral zone.
12:40 of 2nd period - Minor Penalty to Jake Guentzel for Diving.
12:41 of 2nd period - Frederick Gaudreau wins face-off versus Sam Gagner in St.Louis Blues zone.
12:50 of 2nd period - Slapshot by Cale Makar.
12:50 of 2nd period - Stopped by Frederik Andersen with a rebound.
12:52 of 2nd period - Slapshot by Cale Makar.
12:52 of 2nd period - Shot Misses the Net.
12:54 of 2nd period - Snap shot by Corey Perry.
12:54 of 2nd period - Shot Misses the Net.
12:56 of 2nd period - Slapshot by Justin Braun.
12:56 of 2nd period - Stopped by Frederik Andersen without a rebound.
12:57 of 2nd period - Sam Gagner wins face-off versus Jimmy Vesey in St.Louis Blues zone.
13:02 of 2nd period - Snap shot by Cale Makar.
13:02 of 2nd period - Stopped by Frederik Andersen with a rebound.
14:40 of 2nd period - Penalty to Jake Guentzel is over, Jake Guentzel is back on ice.
14:58 of 2nd period - Snap shot by Jake Guentzel.
14:58 of 2nd period - Stopped by Adin Hill with a rebound.
15:08 of 2nd period - Colton Parayko is hit by Ryan Carpenter and loses puck.
15:28 of 2nd period - Off-side.
15:29 of 2nd period - Robert Thomas wins face-off versus Zemgus Girgensons in neutral zone.
15:52 of 2nd period - Snap shot by Janne Kuokkanen.
15:52 of 2nd period - Shot Misses the Net.
15:54 of 2nd period - Slapshot by Nick Bjugstad.
15:54 of 2nd period - Stopped by Frederik Andersen without a rebound.
15:55 of 2nd period - Sam Gagner wins face-off versus Joe Pavelski in St.Louis Blues zone.
16:29 of 2nd period - Snap shot by Robert Thomas.
16:29 of 2nd period - Shot Blocked by Artem Zub.
16:31 of 2nd period - Slapshot by Jonas Brodin.
16:31 of 2nd period - Stopped by Adin Hill without a rebound.
16:32 of 2nd period - Robert Thomas wins face-off versus Nolan Patrick in Nashville Predators zone.
17:04 of 2nd period - Snap shot by Corey Perry.
17:04 of 2nd period - Stopped by Frederik Andersen without a rebound.
17:05 of 2nd period - Joe Pavelski wins face-off versus Sam Gagner in St.Louis Blues zone.
17:56 of 2nd period - Alex Pietrangelo is hit by Janne Kuokkanen.
18:18 of 2nd period - Slapshot by Nolan Patrick.
18:18 of 2nd period - Shot Blocked by Evander Kane.
18:20 of 2nd period - Slapshot by Riley Nash.
18:20 of 2nd period - Shot Misses the Net.
18:22 of 2nd period - Snap shot by Ryan Carpenter.
18:22 of 2nd period - Deflect By Nolan Patrick.
18:22 of 2nd period - Stopped by Frederik Andersen without a rebound.
18:23 of 2nd period - Robert Thomas wins face-off versus Zemgus Girgensons in St.Louis Blues zone.
19:07 of 2nd period - Off-side.
19:08 of 2nd period - Sam Gagner wins face-off versus Alex DeBrincat in neutral zone.
19:12 of 2nd period - Wrist shot by Corey Perry.
19:12 of 2nd period - Shot Misses the Net.
19:22 of 2nd period - Wrist shot by Corey Perry.
19:22 of 2nd period - Stopped by Frederik Andersen with a rebound.
19:24 of 2nd period - Snap shot by Nate Schmidt.
19:24 of 2nd period - Stopped by Frederik Andersen with a rebound.
19:43 of 2nd period - Snap shot by Cale Makar.
19:43 of 2nd period - Stopped by Frederik Andersen without a rebound.
19:44 of 2nd period - Nolan Patrick wins face-off versus Jack Eichel in St.Louis Blues zone.
19:44 of 2nd period - Cale Makar is hit by Morgan Rielly and loses puck.
Goals for this period are 1 for St.Louis Blues vs 0 for Nashville Predators.
Shots for this period are 9 for St.Louis Blues vs 19 for Nashville Predators.
3rd period
0:01 of 3rd period - Robert Thomas wins face-off versus Nick Bjugstad in neutral zone.
0:09 of 3rd period - Minor Penalty to Justin Braun for Hooking.
0:10 of 3rd period - Brandon Saad wins face-off versus Joe Pavelski in Nashville Predators zone.
0:18 of 3rd period - Jake Muzzin is hit by Elias Pettersson and loses puck.
2:09 of 3rd period - Penalty to Justin Braun is over, Justin Braun is back on ice.
2:22 of 3rd period - Slapshot by Morgan Rielly.
2:22 of 3rd period - Deflect By Ondrej Kase.
2:22 of 3rd period - Stopped by Adin Hill with a rebound.
3:12 of 3rd period - Evander Kane is hit by Justin Braun and loses puck.
3:17 of 3rd period - Snap shot by Ryan Carpenter.
3:17 of 3rd period - Stopped by Frederik Andersen with a rebound.
3:42 of 3rd period - Snap shot by Elias Pettersson.
3:42 of 3rd period - Stopped by Adin Hill without a rebound.
3:43 of 3rd period - Robert Thomas wins face-off versus Sam Gagner in Nashville Predators zone.
4:00 of 3rd period - Robert Thomas is hit by Cale Makar.
4:09 of 3rd period - Jonas Brodin is hit by Justin Braun and loses puck.
4:19 of 3rd period - Wrist shot by Robert Thomas.
4:19 of 3rd period - Shot Misses the Net.
4:21 of 3rd period - Slapshot by Danny DeKeyser.
4:21 of 3rd period - Shot Misses the Net.
5:17 of 3rd period - Corey Perry is hit by Jack Eichel and loses puck.
6:03 of 3rd period - Slapshot by Janne Kuokkanen.
6:03 of 3rd period - Goal by Janne Kuokkanen - St.Louis Blues : 3 - Nashville Predators : 1.
6:04 of 3rd period - Zemgus Girgensons wins face-off versus Robert Thomas in neutral zone.
6:58 of 3rd period - Wrist shot by Sam Gagner.
6:58 of 3rd period - Stopped by Frederik Andersen without a rebound.
6:59 of 3rd period - Frederick Gaudreau wins face-off versus Sam Gagner in St.Louis Blues zone.
7:20 of 3rd period - Snap shot by Brandon Saad.
7:20 of 3rd period - Shot Misses the Net.
7:22 of 3rd period - Wrist shot by Sam Gagner.
7:22 of 3rd period - Stopped by Frederik Andersen without a rebound.
7:23 of 3rd period - Zemgus Girgensons wins face-off versus Robert Thomas in St.Louis Blues zone.
7:24 of 3rd period - Snap shot by Pat Maroon.
7:24 of 3rd period - Deflect By Zemgus Girgensons.
7:24 of 3rd period - Shot Misses the Net.
7:24 of 3rd period - Puck is out of play.
7:25 of 3rd period - Robert Thomas wins face-off versus Zemgus Girgensons in St.Louis Blues zone.
7:58 of 3rd period - Snap shot by Jake Guentzel.
7:58 of 3rd period - Stopped by Adin Hill with a rebound.
8:00 of 3rd period - Backhand shot by Colton Parayko.
8:00 of 3rd period - Deflect By Alex DeBrincat.
8:00 of 3rd period - Stopped by Adin Hill with a rebound.
8:02 of 3rd period - Wrist shot by Jake Guentzel.
8:02 of 3rd period - Shot Blocked by Nate Schmidt.
8:04 of 3rd period - Slapshot by Alex Pietrangelo.
8:04 of 3rd period - Stopped by Adin Hill without a rebound.
8:05 of 3rd period - Thomas Novak wins face-off versus Jack Eichel in Nashville Predators zone.
8:20 of 3rd period - Snap shot by Jack Eichel.
8:20 of 3rd period - Stopped by Adin Hill without a rebound.
8:21 of 3rd period - Zemgus Girgensons wins face-off versus Robert Thomas in Nashville Predators zone.
8:28 of 3rd period - Wrist shot by Pat Maroon.
8:28 of 3rd period - Shot Hit the Post.
8:30 of 3rd period - Snap shot by Pat Maroon.
8:30 of 3rd period - Goal by Pat Maroon - St.Louis Blues : 3 - Nashville Predators : 2.
8:31 of 3rd period - Robert Thomas wins face-off versus Nolan Patrick in neutral zone.
9:26 of 3rd period - Alex DeBrincat is hit by Janne Kuokkanen and loses puck.
10:16 of 3rd period - Icing by Nate Schmidt.
10:17 of 3rd period - Nolan Patrick wins face-off versus Jimmy Vesey in Nashville Predators zone.
10:17 of 3rd period - Nolan Patrick is hit by Adam Pelech.
10:27 of 3rd period - Snap shot by Ryan Carpenter.
10:27 of 3rd period - Stopped by Frederik Andersen without a rebound.
10:28 of 3rd period - Robert Thomas wins face-off versus Zemgus Girgensons in St.Louis Blues zone.
10:33 of 3rd period - Cale Makar is hit by Elias Pettersson and loses puck.
10:54 of 3rd period - Joe Pavelski is hit by Nick Bjugstad and loses puck.
11:19 of 3rd period - Snap shot by Alex DeBrincat.
11:19 of 3rd period - Stopped by Adin Hill with a rebound.
11:21 of 3rd period - Wrist shot by Evander Kane.
11:21 of 3rd period - Shot Blocked by Jake Muzzin.
11:45 of 3rd period - Artem Zub is hit by Danny DeKeyser and loses puck.
12:02 of 3rd period - Ondrej Kase is hit by Ryan Carpenter and loses puck.
12:11 of 3rd period - Slapshot by Cale Makar.
12:11 of 3rd period - Stopped by Frederik Andersen with a rebound.
12:22 of 3rd period - Slapshot by Cale Makar.
12:22 of 3rd period - Deflect By Danny DeKeyser.
12:22 of 3rd period - Stopped by Frederik Andersen without a rebound.
12:23 of 3rd period - Robert Thomas wins face-off versus Zemgus Girgensons in St.Louis Blues zone.
12:38 of 3rd period - Wrist shot by Alex Tuch.
12:38 of 3rd period - Shot Misses the Net.
12:40 of 3rd period - Snap shot by Elias Pettersson.
12:40 of 3rd period - Shot Misses the Net.
12:52 of 3rd period - Slapshot by Sam Gagner.
12:52 of 3rd period - Shot Blocked by Alex Pietrangelo.
12:54 of 3rd period - Slapshot by Oliver Kylington.
12:54 of 3rd period - Stopped by Frederik Andersen with a rebound.
12:56 of 3rd period - Wrist shot by Corey Perry.
12:56 of 3rd period - Deflect By Brandon Saad.
12:56 of 3rd period - Shot Misses the Net.
12:56 of 3rd period - Puck is out of play.
12:57 of 3rd period - Joe Pavelski wins face-off versus Thomas Novak in St.Louis Blues zone.
13:04 of 3rd period - Snap shot by Thomas Novak.
13:04 of 3rd period - Stopped by Frederik Andersen without a rebound.
13:05 of 3rd period - Joe Pavelski wins face-off versus Thomas Novak in St.Louis Blues zone.
13:20 of 3rd period - Alex DeBrincat is hit by Nick Bjugstad and loses puck.
13:47 of 3rd period - Wrist shot by Thomas Novak.
13:47 of 3rd period - Stopped by Frederik Andersen without a rebound.
13:48 of 3rd period - Robert Thomas wins face-off versus Sam Gagner in St.Louis Blues zone.
13:53 of 3rd period - Wrist shot by Elias Pettersson.
13:53 of 3rd period - Shot Blocked by Jake Muzzin.
14:15 of 3rd period - Zemgus Girgensons is hit by Jack Eichel and loses puck.
14:22 of 3rd period - Wrist shot by Jack Eichel.
14:22 of 3rd period - Shot Blocked by Jake Muzzin.
14:36 of 3rd period - Ondrej Kase is hit by Artem Zub and loses puck.
14:43 of 3rd period - Nolan Patrick is hit by Frederick Gaudreau and loses puck.
15:02 of 3rd period - Slapshot by Cale Makar.
15:02 of 3rd period - Stopped by Frederik Andersen with a rebound.
15:40 of 3rd period - Pat Maroon is hit by Alex DeBrincat and loses puck.
15:46 of 3rd period - Minor Penalty to Jake Guentzel for Hooking.
15:47 of 3rd period - Frederick Gaudreau wins face-off versus Sam Gagner in St.Louis Blues zone.
15:49 of 3rd period - Slapshot by Cale Makar.
15:49 of 3rd period - Shot Misses the Net.
15:51 of 3rd period - Slapshot by Cale Makar.
15:51 of 3rd period - Shot Blocked by Danny DeKeyser.
15:59 of 3rd period - Snap shot by Cale Makar.
15:59 of 3rd period - Deflect By Sam Gagner.
15:59 of 3rd period - Shot Blocked by Adam Pelech.
15:59 of 3rd period - Puck is out of play.
16:00 of 3rd period - Frederick Gaudreau wins face-off versus Sam Gagner in St.Louis Blues zone.
16:25 of 3rd period - Snap shot by Loui Eriksson.
16:25 of 3rd period - Stopped by Frederik Andersen without a rebound.
16:26 of 3rd period - Frederick Gaudreau wins face-off versus Loui Eriksson in St.Louis Blues zone.
17:14 of 3rd period - Wrist shot by Sam Gagner.
17:14 of 3rd period - Stopped by Frederik Andersen with a rebound.
17:16 of 3rd period - Snap shot by Corey Perry.
17:16 of 3rd period - Shot Blocked by Ondrej Kase.
17:46 of 3rd period - Penalty to Jake Guentzel is over, Jake Guentzel is back on ice.
17:56 of 3rd period - Colton Parayko is hit by Janne Kuokkanen and loses puck.
18:11 of 3rd period - Minor Penalty to Evander Kane for Holding.
18:12 of 3rd period - Frederick Gaudreau wins face-off versus Sam Gagner in St.Louis Blues zone.
18:37 of 3rd period - Adam Pelech is hit by Pat Maroon and loses puck.
18:40 of 3rd period - Nashville Predators, Adin Hill is pulled from the net.
18:48 of 3rd period - Slapshot by Cale Makar.
18:48 of 3rd period - Goal by Cale Makar - St.Louis Blues : 3 - Nashville Predators : 3.
18:48 of 3rd period - Adin Hill from Nashville Predators was sent back in the game.
18:49 of 3rd period - Jack Eichel wins face-off versus Thomas Novak in neutral zone.
18:49 of 3rd period - Tage Thompson is hit by Janne Kuokkanen and loses puck.
19:21 of 3rd period - Corey Perry is hit by Jack Eichel.
19:29 of 3rd period - Snap shot by Evander Kane.
19:29 of 3rd period - Stopped by Adin Hill without a rebound.
19:30 of 3rd period - Alex DeBrincat wins face-off versus Nolan Patrick in Nashville Predators zone.
19:35 of 3rd period - Snap shot by Alex DeBrincat.
19:35 of 3rd period - Deflect By Riley Nash.
19:35 of 3rd period - Shot Misses the Net.
19:35 of 3rd period - Puck is out of play.
19:36 of 3rd period - Nolan Patrick wins face-off versus Joe Pavelski in Nashville Predators zone.
19:43 of 3rd period - Joe Pavelski is hit by Jake Muzzin.
19:48 of 3rd period - Off-side.
19:49 of 3rd period - Jack Eichel wins face-off versus Thomas Novak in neutral zone.
Goals for this period are 0 for St.Louis Blues vs 3 for Nashville Predators.
Shots for this period are 8 for St.Louis Blues vs 15 for Nashville Predators.
Overtime #1
0:01 of 1st overtime period - Brandon Saad wins face-off versus Elias Pettersson in neutral zone.
0:32 of 1st overtime period - Alex Tuch is hit by Artem Zub.
0:43 of 1st overtime period - Off-side.
0:44 of 1st overtime period - Sam Gagner wins face-off versus Tage Thompson in neutral zone.
0:49 of 1st overtime period - Wrist shot by Sam Gagner.
0:49 of 1st overtime period - Stopped by Frederik Andersen with a rebound.
1:23 of 1st overtime period - Snap shot by Tage Thompson.
1:23 of 1st overtime period - Shot Misses the Net.
1:41 of 1st overtime period - Morgan Rielly is hit by Pat Maroon and loses puck.
1:48 of 1st overtime period - Snap shot by Tage Thompson.
1:48 of 1st overtime period - Shot Misses the Net.
1:50 of 1st overtime period - Wrist shot by Evander Kane.
1:50 of 1st overtime period - Shot Blocked by Pat Maroon.
1:58 of 1st overtime period - Slapshot by Tage Thompson.
1:58 of 1st overtime period - Shot Misses the Net.
2:00 of 1st overtime period - Wrist shot by Tage Thompson.
2:00 of 1st overtime period - Shot Misses the Net.
2:02 of 1st overtime period - Slapshot by Jonas Brodin.
2:02 of 1st overtime period - Stopped by Adin Hill without a rebound.
2:03 of 1st overtime period - Brandon Saad wins face-off versus Elias Pettersson in Nashville Predators zone.
2:34 of 1st overtime period - Alex Tuch is hit by Brandon Saad and loses puck.
3:32 of 1st overtime period - Jimmy Vesey is hit by Nick Bjugstad and loses puck.
3:43 of 1st overtime period - Snap shot by Frederick Gaudreau.
3:43 of 1st overtime period - Shot Blocked by Jake Muzzin.
3:45 of 1st overtime period - Snap shot by Jimmy Vesey.
3:45 of 1st overtime period - Shot Misses the Net.
3:47 of 1st overtime period - Snap shot by Jimmy Vesey.
3:47 of 1st overtime period - Shot Blocked by Artem Zub.
3:53 of 1st overtime period - Wrist shot by Frederick Gaudreau.
3:53 of 1st overtime period - Shot Blocked by Artem Zub.
4:07 of 1st overtime period - Slapshot by Frederick Gaudreau.
4:07 of 1st overtime period - Shot Blocked by Brandon Saad.
4:15 of 1st overtime period - Wrist shot by Frederick Gaudreau.
4:15 of 1st overtime period - Shot Blocked by Corey Perry.
4:17 of 1st overtime period - Snap shot by Danny DeKeyser.
4:17 of 1st overtime period - Deflect By Jimmy Vesey.
4:17 of 1st overtime period - Stopped by Adin Hill with a rebound.
4:19 of 1st overtime period - Wrist shot by Frederick Gaudreau.
4:19 of 1st overtime period - Shot Misses the Net.
4:21 of 1st overtime period - Wrist shot by Frederick Gaudreau.
4:21 of 1st overtime period - Stopped by Adin Hill without a rebound.
4:22 of 1st overtime period - Elias Pettersson wins face-off versus Sam Gagner in Nashville Predators zone.
4:27 of 1st overtime period - Snap shot by Elias Pettersson.
4:27 of 1st overtime period - Stopped by Adin Hill with a rebound.
4:31 of 1st overtime period - Slapshot by Elias Pettersson.
4:31 of 1st overtime period - Shot Misses the Net.
4:33 of 1st overtime period - Slapshot by Colton Parayko.
4:33 of 1st overtime period - Stopped by Adin Hill with a rebound.
4:35 of 1st overtime period - Slapshot by Alex Pietrangelo.
4:35 of 1st overtime period - Stopped by Adin Hill without a rebound.
4:36 of 1st overtime period - Elias Pettersson wins face-off versus Sam Gagner in Nashville Predators zone.
4:53 of 1st overtime period - Wrist shot by Alex Tuch.
4:53 of 1st overtime period - Stopped by Adin Hill without a rebound.
4:54 of 1st overtime period - Brandon Saad wins face-off versus Elias Pettersson in Nashville Predators zone.
Goals for this period are 0 for St.Louis Blues vs 0 for Nashville Predators.
Shots for this period are 7 for St.Louis Blues vs 1 for Nashville Predators.
ShootOut
5:00 of 1st overtime period - Round #1.
5:00 of 1st overtime period - St.Louis Blues, Alex DeBrincat.
5:00 of 1st overtime period - Wrist shot by Alex DeBrincat.
5:00 of 1st overtime period - Stopped by Adin Hill.
5:00 of 1st overtime period - Nashville Predators, Brandon Saad.
5:00 of 1st overtime period - Deke by Brandon Saad.
5:00 of 1st overtime period - Stopped by Frederik Andersen.
5:00 of 1st overtime period - Round #2.
5:00 of 1st overtime period - St.Louis Blues, Joe Pavelski.
5:00 of 1st overtime period - Wrist shot by Joe Pavelski.
5:00 of 1st overtime period - Shot Misses the Net.
5:00 of 1st overtime period - Nashville Predators, Corey Perry.
5:00 of 1st overtime period - Deke by Corey Perry.
5:00 of 1st overtime period - Stopped by Frederik Andersen.
5:00 of 1st overtime period - Round #3.
5:00 of 1st overtime period - St.Louis Blues, Alex Tuch.
5:00 of 1st overtime period - Deke by Alex Tuch.
5:00 of 1st overtime period - Stopped by Adin Hill.
5:00 of 1st overtime period - Nashville Predators, Sam Gagner.
5:00 of 1st overtime period - Deke by Sam Gagner.
5:00 of 1st overtime period - Shot Misses the Net.
5:00 of 1st overtime period - Round #4.
5:00 of 1st overtime period - St.Louis Blues, Elias Pettersson.
5:00 of 1st overtime period - Wrist shot by Elias Pettersson.
5:00 of 1st overtime period - Stopped by Adin Hill.
5:00 of 1st overtime period - Nashville Predators, Pat Maroon.
5:00 of 1st overtime period - Deke by Pat Maroon.
5:00 of 1st overtime period - Stopped by Frederik Andersen.
5:00 of 1st overtime period - Round #5.
5:00 of 1st overtime period - St.Louis Blues, Robert Thomas.
5:00 of 1st overtime period - Wrist shot by Robert Thomas.
5:00 of 1st overtime period - Shot Misses the Net.
5:00 of 1st overtime period - Nashville Predators, Zemgus Girgensons.
5:00 of 1st overtime period - Deke by Zemgus Girgensons.
5:00 of 1st overtime period - Stopped by Frederik Andersen.
5:00 of 1st overtime period - Round #6.
5:00 of 1st overtime period - St.Louis Blues, Tage Thompson.
5:00 of 1st overtime period - Snap shot by Tage Thompson.
5:00 of 1st overtime period - Shot Misses the Net.
5:00 of 1st overtime period - Nashville Predators, Riley Nash.
5:00 of 1st overtime period - Snap shot by Riley Nash.
5:00 of 1st overtime period - Shot Misses the Net.
5:00 of 1st overtime period - Round #7.
5:00 of 1st overtime period - St.Louis Blues, Frederick Gaudreau.
5:00 of 1st overtime period - Deke by Frederick Gaudreau.
5:00 of 1st overtime period - Goal by Frederick Gaudreau.
5:00 of 1st overtime period - Nashville Predators, Jake Muzzin.
5:00 of 1st overtime period - Deke by Jake Muzzin.
5:00 of 1st overtime period - Stopped by Frederik Andersen.
Back to the Top